 Dungeon Crawl Stone Soup version 0.25-a0-294-gea9b1ad378 (webtiles) character file.

Game seed: 4997258571423108368, levelgen mode: deterministic

4 Lanoc the Magician (level 1, -2/13 HPs)
             Began as a Mummy Enchanter on Dec 17, 2019.
             Slain by a kobold
             ... wielding a +0 club
              (6 damage)
             ... on level 1 of the Dungeon.
             The game lasted 00:00:35 (196 turns).

Lanoc the Magician (Mummy Enchanter)                 Turns: 196, Time: 00:00:35

Health: -2/13      AC:  2    Str: 11    XL:     1   Next: 50%
Magic:  3/4        EV: 12    Int: 14    God:
Gold:   20         SH:  0    Dex: 12    Spells: 4/5 levels left

rFire    x . .     SeeInvis .   a - +1 dagger
rCold    + . .     Gourm    .   (no shield)
rNeg     + + +     Faith    .   b - +0 robe
rPois    ∞         Spirit   .   (no helmet)
rElec    .         Reflect  .   (no cloak)
rCorr    .         Harm     .   (no gloves)
MR       .....                  (no boots)
Stlth    ++........             (no amulet)
HPRegen  0.04/turn              (no ring)
MPRegen  0.09/turn              (no ring)

@: no status effects
A: no food or potions, fire vulnerability, cold resistance 1, negative energy
resistance 3, torment resistance, unbreathing
a: no special abilities


You were on level 1 of the Dungeon.
You were not hungry.

You visited 1 branch of the dungeon, and saw 1 of its levels.

You collected 20 gold pieces.

Inventory:

Hand Weapons
 a - a +1 dagger (weapon)
Armour
 b - a +0 robe (worn)
Scrolls
 c - 2 scrolls of identify {unknown}


   Skills:
 + Level 0.9 Short Blades
 + Level 1.6 Dodging
 * Level 2.4 Stealth
 * Level 2.8 Spellcasting
 + Level 2.7 Hexes


You had 4 spell levels left.
You knew the following spells:

 Your Spells              Type           Power        Failure   Level  Hunger
a - Corona                Hex            #......      7%          1    N/A

Your spell library contained the following spells:

 Spells                   Type           Power        Failure   Level  Hunger
 Ensorcelled Hibernation  Hex/Ice        #.....       19%         2    N/A
 Confuse                  Hex            #.......     22%         3    N/A
 Tukima's Dance           Hex            #.......     22%         3    N/A
 Dazzling Flash           Conj/Hex       #.....       36%         3    N/A

Dungeon Overview and Level Annotations

Branches:
Dungeon (1/15)

Altars:


Innate Abilities, Weirdness & Mutations

You do not eat or drink.
Your flesh is vulnerable to fire.
You are immune to poison.
Your flesh is cold resistant. (rC+)
You are immune to negative energy. (rN+++)
You are immune to unholy pain and torment.
You can survive without breathing.


Message History

The bat hits you but does no damage.
You hit the kobold.
The kobold is severely wounded.
The bat hits you. The kobold hits you with a +0 club. The bat hits you.
You are too injured to fight recklessly!
The bat hits you but does no damage.
There is an open door here.
Casting: Corona (safe; 7% risk of failure)
Confirm with . or Enter, or press ? or * to list all spells.
Aiming: Corona (safe; 7% risk of failure)
Press: ? - help, Shift-Dir - straight line, f - kobold
Aim: a kobold, wielding a +0 club (severely wounded, chance to defeat MR: 62%)
The kobold is outlined in light.
The kobold barely misses you.
You hit the kobold but do no damage.
The kobold is severely wounded.
The kobold hits you with a +0 club.
You barely miss the kobold.
The kobold is severely wounded.
The kobold hits you with a +0 club.
You die...

. #.# ....#+###
........###############
.......gbK@...........#
........#############.#
.................# #.#
..#............#.# #.#
. #.....######.#.# #.#
#...... #.#.# #.#
######. #.#.# #.# ....
. #.#.# #.#
.....#######
#.#.####.####


You could see a goblin, a bat and a kobold.

Vanquished Creatures
  A ball python (D:1)
  2 bats (D:1)
  2 frilled lizards (D:1)
  A rat (D:1)
6 creatures vanquished.

Notes
Turn   | Place    | Note
-------+----------+-------------------------------------------
     0 | D:1      | Lanoc the Mummy Enchanter began the quest for the Orb.
     0 | D:1      | Reached XP level 1. HP: 13/13 MP: 4/4
   196 | D:1      | Slain by a kobold

Levels and vault maps discovered:
D:1:      sevenhm_arrival_forest_fort_small_3, layout_basic

Action                   || total
-------------------------++-------
Melee: Dagger            ||    18
 Cast: Corona            ||     1
Armor: Robe              ||     4
Dodge: Dodged            ||    15

Table legend:
 A = Non-vault XP
 B = Vault XP
 C = Vault XP percentage of total XP
 D = Non-vault monster count
 E = Vault monster count
 F = Vault count percentage of total count
                 A         B        C        D         E       F
            +---------+---------+-------+---------+---------+-------
      Total |       6 |       0 |   0.0 |       6 |       0 |   0.0
            +---------+---------+-------+---------+---------+-------
        D:1 |       6 |       0 |   0.0 |       6 |       0 |   0.0
            +---------+---------+-------+---------+---------+-------
